 Dungeon Crawl Stone Soup version 0.23.2-1-ga50397a6bc (webtiles) character file.

Game seed: 4160516821270049783

234 Corto the Digger (level 6, -8/32 HPs)
             Began as a Gargoyle Earth Elementalist on May 21, 2019.
             Killed by divine providence
             ... invoked by an orc priest
              (12 damage)
             ... on level 4 of the Dungeon.
             The game lasted 00:12:00 (3658 turns).

Corto the Digger (Gargoyle Earth Elementalist)      Turns: 3658, Time: 00:12:00

Health: -8/32      AC:  8    Str: 11    XL:     6   Next: 5%
Magic:  6/12       EV: 12    Int: 18    God:
Gold:   117        SH:  0    Dex: 10    Spells: 9/13 levels left

rFire    . . .     SeeInvis +   l - +3 dagger (drain)
rCold    . . .     Gourm    .   (no shield)
rNeg     + . .     Faith    .   c - +0 robe
rPois    ∞         Spirit   .   v - +0 helmet
rElec    +         Reflect  .   u - +0 cloak
rCorr    .         Harm     .   (no gloves)
MR       .....                  (no boots)
Stlth    ++........             (no amulet)
HPRegen  0.10/turn              j - ring of see invisible
MPRegen  0.13/turn              (no ring)

@: no status effects
A: negative energy resistance 1, electricity resistance, unbreathing,
petrification resistance, rot immunity, AC +4
a: no special abilities


You were on level 4 of the Dungeon.
You were not hungry.

You visited 1 branch of the dungeon, and saw 4 of its levels.

You collected 117 gold pieces.

Inventory:

Hand Weapons
 f - a +0 whip
 l - a +3 dagger of draining (weapon)
Missiles
 b - 193 stones (quivered)
Armour
 c - a +0 robe (worn)
 u - a +0 cloak (worn)
 v - a +0 helmet (worn)
Jewellery
 j - a ring of see invisible (left hand)
Wands
 p - a wand of disintegration (6)
 t - a wand of clouds (6)
Scrolls
 a - a scroll of identify {@r9}
Potions
 g - 3 potions of heal wounds {unknown}
 h - 2 potions of resistance {unknown}
 i - 2 potions of flight {unknown}
 k - a potion of brilliance
 m - a potion of lignification {unknown}
 o - a potion of might {unknown}
 q - a potion of berserk rage {unknown}
 r - a potion of haste {unknown}
 s - 2 potions of agility {unknown}
Comestibles
 d - 9 rations
 z - 2 chunks of flesh


   Skills:
 - Level 1.5 Dodging
 - Level 2.1 Stealth
 + Level 4.2 Spellcasting
   Level 0.7 Transmutations
 + Level 6.1 Earth Magic


You had 9 spell levels left.
You knew the following spells:

 Your Spells              Type           Power        Failure   Level  Hunger
a - Sandblast             Erth           ####..       1%          1    None
b - Stone Arrow           Conj/Erth      ##....       12%         3    ###....

Your spell library contained the following spells:

 Spells                   Type           Power        Failure   Level  Hunger
 Passwall                 Tmut/Erth      ###.....     5%          2    ##.....
 Corona                   Hex            #......      14%         1    None
 Ensorcelled Hibernation  Hex/Ice        #.....       22%         2    ##.....
 Lee's Rapid Deconstruct  Erth           ####......   32%         5    ######.
 Petrify                  Tmut/Erth      ###.....     34%         4    ####...
 Confuse                  Hex            #.......     41%         3    ###....
 Dazzling Spray           Conj/Hex       #.....       41%         3    ###....
 Tukima's Dance           Hex            #.......     41%         3    ###....


Dungeon Overview and Level Annotations

Branches:
Dungeon (4/15)
 Temple: D:4-7

Altars:
Qazlal


Innate Abilities, Weirdness & Mutations

You are resistant to torment.
Your stone body is resilient. (AC +4)
You are immune to poison.
You resist negative energy. (rN+)
You are resistant to electric shocks. (rElec)
You can survive without breathing.
You are immune to petrification.
You are immune to rotting.


Message History

The blast of sand hits the orc.
The orc is severely wounded.
b - 193 stones The orc priest mumbles some strange prayers to Beogh against you.
Beogh smites you!
A gnoll comes into view.
It is wielding a +0 spear and carrying a wand of paralysis (7).
The orc hits you.
The orc priest calls down the wrath of Beogh upon you.
Beogh smites you!
* * * LOW HITPOINT WARNING * * *
A wight comes into view. It is wielding a +1 long sword.
An orc comes into view. It is wielding a -3 flail.
Unknown command.
Unknown command.
You see here an emerald potion.
A giant cockroach comes into view.
The wight hits you but does no damage.
The orc priest calls down the wrath of Beogh upon you.
Beogh smites you!
You die... █••██•••••••^••••••• ••██••••••••••••••••••• █••!••••o••••••g•••••••• •██•██•███████o••████•█ █•█ █•••█ █•█ █• █ █•█ █!O•█ █•█ ••••█•█•█ █•o•████•████ █Oo•••o•███████z••█•••••••█•█ ███•█•••••<••••••@•••••<••••█• •••••███••████•••••█•[•••••••• •██•█• ••••█ █•█•••█••██•█•█•█ •██•█••█•••••••••••••••• •█ █ ••••█• ••••███s•••••••••• █ █████ •••••█ █••█••██••••█ ••█•••• •••█•••••████ ██•█•█████•█•••████ ██

You could see an ogre, a wight, an orc priest, a gnoll, an orc and a giant cockroach.

Vanquished Creatures
  A wight (D:4)
  An orc priest (D:4)
  An orc wizard (D:4)
  A worker ant (D:4)
  2 adders (D:3)
  An ooze (D:2)
  3 worms (D:2)
  3 dart slugs
  4 leopard geckos
  2 orcs (D:4)
  8 bats
  2 giant cockroaches
  9 goblins
  7 hobgoblins
  7 jackals
  8 kobolds
  A quokka (D:3)
  3 frilled lizards
  10 rats
74 creatures vanquished.

Notes
Turn   | Place    | Note
-------+----------+-------------------------------------------
     0 | D:1      | Corto the Gargoyle Earth Elementalist began the quest for
                  | the Orb.
     0 | D:1      | Reached XP level 1. HP: 10/10 MP: 3/3
   223 | D:1      | Reached skill level 4 in Earth Magic
   223 | D:1      | Reached XP level 2. HP: 15/15 MP: 3/5
   705 | D:1      | Reached XP level 3. HP: 7/19 MP: 2/7
  1733 | D:2      | Reached XP level 4. HP: 15/24 MP: 8/8
  1958 | D:2      | Found a stormy altar of Qazlal.
  2095 | D:2      | Reached skill level 5 in Earth Magic
  2657 | D:3      | Learned a level 3 spell: Stone Arrow
  3480 | D:4      | Reached XP level 5. HP: 12/28 MP: 6/10
  3604 | D:4      | Reached skill level 6 in Earth Magic
  3604 | D:4      | Reached XP level 6. HP: 22/32 MP: 2/12
  3658 | D:4      | Killed from afar by an orc priest

Skill      XL: |  1  2  3  4  5 |
---------------+----------------+-----
Earth Magic    | 4 5 6 |  6.1
Spellcasting   | 3 4 |  4.2
Dodging        | |  1.5
Stealth        | |  2.1
Transmutations | |  0.7

Action                   |  1- 3 |  4- 6 || total
-------------------------+-------+-------++-------
Melee: Unarmed           |    34 |       ||    34
       Club              |    47 |       ||    47
       Short sword       |    56 |       ||    56
       Whip              |    10 |    47 ||    57
       Dagger            |       |    64 ||    64
 Cast: Sandblast         |    25 |    31 ||    56
  Use: Scroll            |       |     6 ||     6
 Stab: Sleeping          |       |     2 ||     2
  Eat: Chunk             |     3 |     6 ||     9
Armor: Robe              |    51 |    57 ||   108
Dodge: Dodged            |   113 |    94 ||   207
